 Dungeon Crawl Stone Soup version 0.28-a0-21-gf74fda84f9 (webtiles) character file.

Game seed: 4925265407164095673

8 Spectrina the Magician (level 2, 0/23 HPs)
             Began as a Djinni Warper on July 26, 2021.
             Slain by a hound (3 damage)
             ... on level 2 of the Dungeon.
             The game lasted 00:01:22 (214 turns).

Spectrina the Magician (Djinni Warper)               Turns: 214, Time: 00:01:23

Health: 0/23       AC:  3    Str: 10    XL:     2   Next: 15%
Gold:   19         EV: 11    Int: 14    God:
                   SH:  0    Dex: 12

rFire   + + .      SeeInvis .   a - +0 mace
rCold   x . .      Faith    .   (no shield)
rNeg    . . .      Spirit   .   b - +0 leather armour
rPois   ∞          Reflect  .   (no helmet)
rElec   .          Harm     .   (no cloak)
rCorr   .          Rampage  .   (no gloves)
Will    .....                   (boots unavailable)
Stlth   +.........              (no amulet)
HPRegen 0.07/turn               (no ring)
MPRegen 0.00/turn               (no ring)

@: flying
A: sickness immunity, fire resistance 2, cold vulnerability 1, float, innate
caster, hp casting, extra vitality 1
a: no special abilities


You were on level 2 of the Dungeon.
You visited 1 branch of the dungeon, and saw 2 of its levels.

You collected 19 gold pieces.

Inventory:

Hand Weapons
 a - a +0 mace (weapon)
Missiles
 e - 24 stones (quivered)
Armour
 b - a +0 leather armour (worn)
Scrolls
 c - a scroll of blinking
 g - a scroll of identify {unknown}


   Skills:
 - Level 2.0 Fighting
 - Level 1.5 Maces & Flails
 - Level 0.7 Throwing
 - Level 1.0 Armour
 - Level 2.1 Dodging
 + Level 2.8 Spellcasting


You couldn't memorise any spells.
You knew the following spells:

 Your Spells              Type           Power      Damage    Failure   Level
a - Blink                 Tloc           N/A        N/A       14%         2
b - Lesser Beckoning      Tloc           5%         N/A       26%         3
c - Gell's Gravitas       Tloc           5%         N/A       26%         3
d - Teleport Other        Tloc           10%        N/A       26%         3
e - Manifold Assault      Tloc           10%        N/A       94%         5
Your spell library was empty.

Dungeon Overview and Level Annotations

Branches:
Dungeon (2/15)

Altars:


Innate Abilities, Weirdness & Mutations

You are immune to sickness and miasma.
You are immune to poison.
Your flesh is very heat resistant. (rF++)
You are vulnerable to cold. (rC-)
You float through the air rather than walking.
You learn spells naturally, not from books.
Your magical power is your life essence.
You have superior vitality. (+4 HP)


Message History

Throw: 5 boomerangs (disperse)
Press: ? - help, Q - select action, (/) - cycle Shift-Dir - straight line, f - goblin
Aim: a goblin, wielding a +0 dagger (50% to hit)
You throw a boomerang of dispersal.
The boomerang of dispersal hits the goblin.
The goblin blinks!
The goblin is moderately wounded.
Throw: 4 boomerangs (disperse)
Press: ? - help, Q - select action, (/) - cycle Shift-Dir - straight line, f/p - goblin
Aim: a goblin, wielding a +0 dagger (moderately wounded, 50% to hit)
You throw a boomerang of dispersal.
The boomerang of dispersal hits the goblin.
The goblin blinks!
You hit the goblin.
You kill the goblin!
You see here a +0 dagger.
Found 3 gold pieces.
The hound barks!
Unknown command.
The hound bites you but does no damage.
Throw: 3 boomerangs (disperse)
Press: ? - help, Q - select action, (/) - cycle Shift-Dir - straight line, f - hound
Aim: a hound (46% to hit)
You throw a boomerang of dispersal.
The boomerang of dispersal closely misses the hound.
The hound misses you. The hound bites you.
* * * LOW HITPOINT WARNING * * *
Throw: 2 boomerangs (disperse)
Press: ? - help, Q - select action, (/) - cycle Shift-Dir - straight line, f/p - hound
Aim: a hound (46% to hit)
You throw a boomerang of dispersal.
The boomerang of dispersal misses the hound.
The hound bites you but does no damage. x2
Throw: boomerang (disperse)
Press: ? - help, Q - select action, (/) - cycle Shift-Dir - straight line, f/p - hound
Aim: a hound (46% to hit)
You throw a boomerang of dispersal.
The boomerang of dispersal hits the hound but does no damage.
The hound bites you.
You die...

#..... #.....
#..(.. #.....
#..... #.....
#######
##.....##.....####
........'......@.#
##.....##.....##h#
###### #.....##.#
#.....##.#
#....)##.#
#.....##.#
#.....##.#
#.....##.#
#.....##.#


You could see a hound.

Vanquished Creatures
  3 endoplasms
  3 goblins
  A rat (D:1)
7 creatures vanquished.

Notes
Turn   | Place    | Note
-------+----------+-------------------------------------------
     0 | D:1      | Spectrina the Djinni Warper began the quest for the Orb.
     0 | D:1      | Reached XP level 1. HP: 18/18 MP: 0/0
   137 | D:2      | Noticed a hound
   149 | D:2      | Reached XP level 2. HP: 2/23 MP: 0/0
   214 | D:2      | Slain by a hound

Illustrated notes

Levels and vault maps discovered:
D:1:      dpeg_arrival_water_temple_mockup, layout_loops_ring
D:2:      layout_basic, ebering_ecumenical_altar_hall

Action                   || total
-------------------------++-------
Melee: Mace              ||    17
Throw: Boomerang         ||     5
  Use: Scroll            ||     1
Armor: Leather armour    ||     8
Dodge: Dodged            ||     7

Table legend: (Time is in decaauts)
 A = Elapsed time spent in this place.
 B = Non-inter-level travel time spent in this place.
 C = Inter-level travel time spent in this place.
 D = Time resting spent in this place.
 E = Time spent auto-exploring this place.
 F = Levels seen in this place.
 G = Mean time per level.
                   A        B        C        D        E       F      G
               +--------+--------+--------+--------+--------+-----+--------+
         Total |    220 |    220 |      0 |      0 |      0 |   2 |  110.0 |
       Dungeon |    220 |    220 |      0 |      0 |      0 |   2 |  110.0 |
               +--------+--------+--------+--------+--------+-----+--------+

Top non-repeatable levels by time:
     D:1: 139 daAuts
     D:2: 80 daAuts
